 Dungeon Crawl Stone Soup version 0.21.0-3-g78d12a8 (webtiles) character file.

368 Mgcat the Slasher (level 7, -2/52 HPs)
             Began as a Human Fighter on Jan 17, 2018.
             Slain by an orc priest
             ... wielding a +0 war axe
              (7 damage)
             ... on level 3 of the Dungeon.
             The game lasted 00:08:07 (3273 turns).

Mgcat the Slasher (Human Fighter)                   Turns: 3273, Time: 00:08:08

Health: -2/52      AC:  6    Str: 17    XL:     7   Next: 1%
Magic:  7/7        EV:  9    Int:  8    God:
Gold:   81         SH:  0    Dex: 14    Spells: 6/6 levels left

rFire    . . .     SeeInvis .   a - +0 long sword
rCold    . . .     Gourm    .   (no shield)
rNeg     . . .     Faith    .   b - +0 scale mail
rPois    .         Spirit   .   (no helmet)
rElec    .         Reflect  .   (no cloak)
rCorr    .         Harm     .   (no gloves)
MR       .....                  (no boots)
Stlth    ..........             (no amulet)
HPRegen  0.17/turn              (no ring)
MPRegen  0.10/turn              (no ring)

@: lethally poisoned (-2 -> -3)
A: no striking features
a: no special abilities


You were on level 3 of the Dungeon.
You were hungry.

You visited 1 branch of the dungeon, and saw 3 of its levels.

You collected 81 gold pieces.

Inventory:

Hand Weapons
 a - a +0 long sword (weapon)
Armour
 b - a +0 scale mail (worn)
 c - a +0 shield
 l - a +0 buckler
Scrolls
 e - a scroll of remove curse {unknown}
 g - a scroll of immolation {unknown}
 i - 2 scrolls of teleportation {unknown}
 o - a scroll of enchant armour {unknown}
Potions
 d - a potion of might
 h - 2 potions of curing {unknown}
 j - a potion of agility {unknown}
 k - 2 potions of lignification {unknown}
 n - 2 potions of heal wounds {unknown}
Comestibles
 f - 3 rations


   Skills:
 - Level 3.0 Fighting
 + Level 6.9 Long Blades
 - Level 3.0 Armour
 - Level 3.0 Shields


You had 6 spell levels left.
You didn't know any spells.

Dungeon Overview and Level Annotations

Branches:
Dungeon (3/15)

Altars:
Elyvilon
Makhleb


Message History

You closely miss the orc priest. The orc hits you with a mace.
The orc priest invokes the aid of Beogh against you.
Pain shoots through your body!
* * * LOW HITPOINT WARNING * * *
You completely miss the orc priest.
You feel sick. The orc barely misses you.
The orc priest hits you with a war axe.
* * * LOW HITPOINT WARNING * * *
You barely miss the orc priest. The orc hits you but does no damage.
The orc priest looks encouraged for a moment.
You hit the orc priest but do no damage.
The orc closely misses you. The orc priest barely misses you.
You slash the orc priest!
The orc priest is severely wounded.
You feel sick. The orc hits you with a mace.
* * * LOW HITPOINT WARNING * * *
The orc priest closely misses you.
You barely miss the orc priest.
The orc priest is severely wounded.
The orc misses you. The orc priest hits you with a war axe!
You die...

.# .. ..... .#
....## .## .....
..# . .>..# ..##(..
....# .# ##oo.....
....# ##.#####@o#
....#####..#....)##
.............##..#
.....####o#####..#
......# #.###....#
#.....###.##..##.#
##.##........###.#
#.######...## #.#
#.##.......## ..


You could see an orc priest and 3 orcs.

Vanquished Creatures
  The ghost of Brandom the Sneak, an amateur VSAs (D:3)
  An orc priest (D:3)
  2 hounds (D:2)
  Jessica (D:2)
  4 adders
  3 oozes
  3 worms
  3 dart slugs (D:1)
  5 leopard geckos
  6 orcs
  5 giant cockroaches
  10 hobgoblins
  2 jackals (D:2)
  3 quokkas
  4 bats
  7 frilled lizards
  7 goblins
  9 kobolds
  4 rats
80 creatures vanquished.

Vanquished Creatures (others)
  A worm (D:2)
  A hobgoblin (D:2)
2 creatures vanquished.

Grand Total: 82 creatures vanquished

Notes
Turn   | Place    | Note
-------+----------+-------------------------------------------
     0 | D:1      | Mgcat the Human Fighter began the quest for the Orb.
     0 | D:1      | Reached XP level 1. HP: 18/18 MP: 1/1
   242 | D:1      | Reached XP level 2. HP: 21/24 MP: 2/2
   321 | D:1      | Reached skill level 3 in Long Blades
   341 | D:1      | Reached XP level 3. HP: 19/29 MP: 3/3
  1061 | D:1      | Reached skill level 4 in Long Blades
  1061 | D:1      | Reached XP level 4. HP: 33/35 MP: 4/4
  1394 | D:2      | Noticed Jessica
  1402 | D:2      | Killed Jessica
  1402 | D:2      | Reached XP level 5. HP: 18/41 MP: 5/5
  1452 | D:2      | Reached skill level 5 in Long Blades
  2105 | D:2      | Reached XP level 6. HP: 37/47 MP: 6/6
  2365 | D:2      | Found a burning altar of Makhleb.
  2469 | D:2      | Found a white marble altar of Elyvilon.
  2668 | D:3      | Noticed Brandom's ghost (amateur VSAs)
  2689 | D:3      | Killed Brandom's ghost
  2689 | D:3      | Reached skill level 6 in Long Blades
  3266 | D:3      | Reached XP level 7. HP: 33/52 MP: 7/7
  3273 | D:3      | Slain by an orc priest

Skill      XL: |  1  2  3  4  5  6 |
---------------+-------------------+-----
Long Blades    | 3 4 5 6 |  6.9
Fighting       | |  3.0
Armour         | |  3.0
Shields        | |  3.0

Action                   |  1- 3 |  4- 6 |  7- 9 || total
-------------------------+-------+-------+-------++-------
Melee: Long sword        |    82 |   173 |     7 ||   262
  Use: Potion            |       |     1 |       ||     1
  Eat: Chunk             |       |     7 |       ||     7
Armor: Scale mail        |    43 |    94 |     1 ||   138
Dodge: Dodged            |    33 |    97 |     6 ||   136
Block: Shield            |     2 |       |       ||     2
       Rpst.: Long sword |    11 |    35 |       ||    46
